 Dungeon Sprint DCSS version 0.22.1-1-ga44c0e56f4 (webtiles) character file.

10944 Freyura the Fighter (level 11, -42/78 HPs)
             Began as a Gargoyle Fighter on Oct 6, 2018.
             Was the Champion of the Shining One.
             Killed from afar by a fire giant (55 damage)
             ... with a bolt of fire
             ... in the Dungeon (Sprint I: "Red Sonja").
             The game lasted 00:20:50 (2338 turns).

Freyura the Fighter (Gargoyle Fighter)              Turns: 2338, Time: 00:20:51

Health: -42/78     AC: 30    Str: 21    XL:     11   Next: 70%
Magic:  5/19       EV: 14    Int:  8    God:    the Shining One [******]
Gold:   897        SH: 32    Dex: 15    Spells: 10/10 levels left

rFire    . . .     SeeInvis .   a - +0 flail (venom)
rCold    . . .     Gourm    .   o - +2 large shield {AC+3}
rNeg     + + +     Faith    .   c - +10 scale mail "Ittoczai" {Dex+3}
rPois    ∞         Spirit   .   (no helmet)
rElec    +         Reflect  .   (no cloak)
rCorr    .         Harm     .   (no gloves)
MR       .....     NoTele   +   (no boots)
Stlth    ..........             (no amulet)
HPRegen  0.23/turn              (no ring)
MPRegen  0.16/turn              (no ring)

@: divine shield, glowing
A: negative energy resistance 1, electricity resistance, unbreathing,
petrification resistance, rot immunity, AC +8
a: Divine Shield, Cleansing Flame, Summon Divine Warrior, Brand Weapon With Holy
Wrath, Renounce Religion


You were in the Dungeon.
You worshipped the Shining One.
The Shining One was exalted by your worship.
You were full.

You visited 1 branch You collected 1705 gold pieces.
You spent 808 gold pieces at shops.

Inventory:

Hand Weapons
 a - a +0 flail of venom (weapon)
 p - a +2 mace of holy wrath
Armour
 b - a +0 scale mail
 c - the +10 scale mail "Ittoczai" (worn) {Dex+3}
   (You bought it in a shop in the Dungeon)

   It affects your dexterity (+3).
 h - a +1 shield of reflection
 o - a +2 large shield of protection (worn)
Wands
 j - a wand of iceblast (4)
 l - a wand of polymorph (15)
Scrolls
 d - a scroll of enchant weapon {unknown}
 k - 3 scrolls of blinking
 n - a scroll of enchant armour {unknown}
Potions
 e - 2 potions of curing
 g - 2 potions of brilliance {unknown}
 i - 2 potions of magic
 m - a potion of mutation {unknown}


   Skills:
 + Level 13.4 Fighting
 + Level 12.1 Maces & Flails
 + Level 13.3 Armour
 + Level 10.3 Dodging
 + Level 13.2 Shields
 + Level 11.3 Invocations


You had 10 spell levels left.
You didn't know any spells.
Your spell library was empty.

Dungeon Overview and Level Annotations

Branches:
Dungeon (1/1)

Altars:
Cheibriados
Dithmenos
Elyvilon
Fedhas
Gozag
Hepliaklqana
Kikubaaqudgha
Makhleb
Nemelex Xobeh
Okawaru
Qazlal
Ru
Sif Muna
Trog
Uskayaw
Vehumet
Wu Jian
Xom
Yredelemnul
Zin
The Shining One
Jiyva
Lugonu

Shops:
D [?[=}!?([[=![%*[[


Innate Abilities, Weirdness & Mutations

You are resistant to torment.
Your stone body is resilient. (AC +8)
You are immune to poison.
You resist negative energy. (rN+)
You are resistant to electric shocks. (rElec)
You can survive without breathing.
You are immune to petrification.
You are immune to rotting.


Message History

The fire giant is heavily wounded.
You sock the fire giant!
The fire giant looks as sick as possible!
The fire giant is heavily wounded.
You block the fire giant's attack.
You hit the fire giant.
The fire giant looks as sick as possible!
The fire giant is heavily wounded.
You block the fire giant's attack.
You sock the fire giant!
The fire giant is severely wounded.
You block the fire giant's attack.
You hit the fire giant.
The fire giant is almost dead.
You hit the fire giant.
The fire giant is almost dead.
The fire giant gestures at you while chanting.
The bolt of fire hits you!
Ouch! That really hurt!
You die...

§###^§.
#..###$#
.'.#.§.#
#.##..$#
##.#§§##
#..#+###
##.#..#
##...#
##.#
###.#
##.# #.#
.§§# #.#
##.#
####'#
†#§#
#.C@.#
#'.#
#...####
####
...)# #
### # #
# #


You could see a fire giant.

Vanquished Creatures
  A fire giant (D)
  2 centaur warriors (D)
  Sonja (D)
  A deep troll (D)
  2 unseen horrors (D)
  An oklob plant (D)
  A kobold demonologist (D)
  A hornet (D)
  A slime creature (D)
  Sigmund (D)
  2 redbacks (D)
  A yak (D)
  A floating eye (D)
  7 necrophages (D)
  An ogre (D)
  8 jellies (D)
  Ijyb (D)
  2 ballistomycetes (D)
35 creatures vanquished.

Vanquished Creatures (collateral kills)
  A fire giant (D)
  A lindwurm (D)
  5 unseen horrors (D)
  A gargoyle (D)
  4 demonic crawlers (D)
  A kobold demonologist (D)
  13 hogs (D)
  A floating eye (D)
27 creatures vanquished.

Vanquished Creatures (others)
  A hydra (D)
  A gargoyle (D)
  2 hornets (D)
  A floating eye (D)
  2 ballistomycete spores (D)
7 creatures vanquished.

Grand Total: 69 creatures vanquished

Notes
Turn   | Place    | Note
-------+----------+-------------------------------------------
     0 | D        | Freyura the Gargoyle Fighter began the quest for the Orb.
     0 | D        | Reached XP level 1. HP: 14/14 MP: 1/1
     1 | D        | Noticed Ijyb
    10 | D        | Killed Ijyb
    10 | D        | Reached skill level 1 in Dodging
    10 | D        | Reached XP level 2. HP: 20/20 MP: 2/2
    10 | D        | Reached XP level 3. HP: 24/24 MP: 3/3
    12 | D        | Noticed an ogre
    18 | D        | Killed an ogre
    18 | D        | Reached skill level 5 in Fighting
    18 | D        | Reached skill level 5 in Armour
    18 | D        | Reached skill level 5 in Shields
    18 | D        | Reached XP level 4. HP: 19/31 MP: 4/4
   134 | D        | Noticed Sigmund
   144 | D        | Killed Sigmund
   144 | D        | Reached skill level 5 in Maces & Flails
   144 | D        | Reached XP level 5. HP: 37/37 MP: 5/5
   144 | D        | Reached XP level 6. HP: 42/42 MP: 6/6
   190 | D        | Found an ornate altar of the Wu Jian Council.
   190 | D        | Found a deep blue altar of Sif Muna.
   192 | D        | Found a radiant altar of Vehumet.
   362 | D        | Found Uvvuz's Magic Scroll Emporium.
   362 | D        | Found an ancient bone altar of Kikubaaqudgha.
   362 | D        | Found a hazy altar of Hepliaklqana.
   362 | D        | Found a stormy altar of Qazlal.
   362 | D        | Found a hide-covered altar of Uskayaw.
   362 | D        | Found a blossoming altar of Fedhas.
   362 | D        | Found a bloodstained altar of Trog.
   362 | D        | Found an iron altar of Okawaru.
   362 | D        | Found a basalt altar of Yredelemnul.
   362 | D        | Found a glowing golden altar of the Shining One.
   362 | D        | Found a snail-covered altar of Cheibriados.
   362 | D        | Found a sacrificial altar of Ru.
   362 | D        | Found a glowing silver altar of Zin.
   362 | D        | Found a shadowy altar of Dithmenos.
   362 | D        | Found a white marble altar of Elyvilon.
   362 | D        | Noticed a yak
   365 | D        | Found an opulent altar of Gozag.
   366 | D        | Found a sparkling altar of Nemelex Xobeh.
   372 | D        | Became a worshipper of the Shining One
   380 | D        | Killed a yak
   380 | D        | Reached skill level 5 in Dodging
   463 | D        | Found a burning altar of Makhleb.
   463 | D        | Found a viscous altar of Jiyva.
   463 | D        | Found a shimmering altar of Xom.
   463 | D        | Found a corrupted altar of Lugonu.
   463 | D        | Noticed a slime creature
   472 | D        | Killed a slime creature
   472 | D        | Reached XP level 7. HP: 28/50 MP: 6/8
   608 | D        | Noticed Sonja
   640 | D        | Killed Sonja
   640 | D        | Reached XP level 8. HP: 45/56 MP: 8/11
   659 | D        | Noticed a deep troll
   668 | D        | Killed a deep troll
   668 | D        | Reached skill level 10 in Fighting
   668 | D        | Reached skill level 5 in Invocations
   668 | D        | Reached XP level 9. HP: 28/62 MP: 10/13
   679 | D        | Found Pouq's Armour Emporium.
   700 | D        | Found Fugulac's Armour Boutique.
   969 | D        | Bought a +1 shield of reflection for 135 gold pieces
  1001 | D        | Bought the +10 scale mail "Ittoczai" {Dex+3} for 673 gold
                  | pieces
  1037 | D        | Noticed a centaur warrior
  1037 | D        | Reached * piety under the Shining One
  1037 | D        | Noticed a centaur warrior
  1045 | D        | Killed a centaur warrior
  1045 | D        | Reached skill level 10 in Armour
  1045 | D        | Reached skill level 10 in Shields
  1046 | D        | Killed a centaur warrior
  1130 | D        | Killed a hornet
  1131 | D        | Killed a hornet
  1146 | D        | Noticed a hornet
  1155 | D        | Killed a hornet
  1186 | D        | Noticed an oklob plant
  1202 | D        | Killed an oklob plant
  1202 | D        | Reached skill level 10 in Maces & Flails
  1202 | D        | Reached XP level 10. HP: 17/70 MP: 14/16
  1439 | D        | Killed a gargoyle
  1454 | D        | Reached ** piety under the Shining One
  1480 | D        | Killed a 12-headed hydra
  1499 | D        | Noticed an unseen horror
  1500 | D        | Noticed an unseen horror
  1506 | D        | Killed an unseen horror
  1513 | D        | Killed an unseen horror
  1526 | D        | Reached *** piety under the Shining One
  1659 | D        | Reached **** piety under the Shining One
  1676 | D        | Reached ***** piety under the Shining One
  1733 | D        | Found Dox Soet's Jewellery Shoppe.
  1733 | D        | Found Wasuilyu's Armour Shop.
  1733 | D        | Found Ruituf's Gadget Boutique.
  1735 | D        | Found Waosotso's Distillery.
  1735 | D        | Found Bamuwein's Magic Scroll Shop.
  1735 | D        | Found Xot Woum's Antique Weapon Shoppe.
  1735 | D        | Found Jelagame's Antique Armour Boutique.
  1735 | D        | Found Utaste Zixt's Antique Armour Emporium.
  1735 | D        | Found Refof's Jewellery Shop.
  1735 | D        | Found Roatt's Distillery.
  1738 | D        | Found Deiphiut's Armour Boutique.
  1739 | D        | Found Mirras's General Store.
  1739 | D        | Found Nyrij's Food Boutique.
  1740 | D        | Found Weavun's Antique Armour Emporium.
  1795 | D        | Noticed a kobold demonologist
  1795 | D        | Noticed a kobold demonologist
  1795 | D        | Reached ****** piety under the Shining One
  1796 | D        | Paralysed by a floating eye for 2 turns
  1802 | D        | Killed a kobold demonologist
  1807 | D        | Killed a kobold demonologist
  1819 | D        | Reached XP level 11. HP: 74/76 MP: 12/18
  1825 | D        | Reached skill level 10 in Invocations
  1850 | D        | Noticed a lindwurm
  1856 | D        | Killed a lindwurm
  1940 | D        | Noticed a daeva
  1944 | D        | Noticed an unseen horror
  1944 | D        | Noticed an unseen horror
  1944 | D        | Noticed an unseen horror
  1944 | D        | Noticed an unseen horror
  1950 | D        | Killed an unseen horror
  1955 | D        | Killed an unseen horror
  1959 | D        | Killed an unseen horror
  1962 | D        | Killed an unseen horror
  1962 | D        | Reached skill level 10 in Dodging
  1969 | D        | Noticed an unseen horror
  1974 | D        | Killed an unseen horror
  2302 | D        | Noticed a fire giant
  2304 | D        | Noticed a fire giant
  2306 | D        | Noticed a fire giant
  2309 | D        | Killed a fire giant
  2327 | D        | Killed a fire giant
  2338 | D        | Killed from afar by a fire giant

Skill      XL: |  1  2  3  4  5  6  7  8  9 10 11 |
---------------+----------------------------------+-----
Fighting       | 4 5 6 8 9 10 11 12 13 | 13.4
Maces & Flails | 3 4 5 7 8 10 11 12 | 12.1
Armour         | 4 5 6 8 9 11 12 13 | 13.3
Dodging        | 1 3 4 5 6 7 8 9 10 | 10.3
Shields        | 4 5 6 8 9 11 12 13 | 13.2
Invocations    | 2 4 5 8 9 11 | 11.3

Action                   |  1- 3 |  4- 6 |  7- 9 | 10-12 || total
-------------------------+-------+-------+-------+-------++-------
Melee: Unarmed           |     9 |       |       |       ||     9
       Flail             |       |    26 |    53 |   116 ||   195
Invok: Summon Divine War |       |       |       |     3 ||     3
       Divine Shield     |       |       |       |     1 ||     1
Evoke: Wand              |       |       |     2 |     1 ||     3
  Use: Potion            |       |     2 |     3 |       ||     5
       Scroll            |       |     1 |       |       ||     1
  Eat: Ration            |       |       |     1 |     2 ||     3
Armor: Scale mail        |       |     5 |    22 |    23 ||    50
Dodge: Dodged            |     2 |     4 |    17 |    37 ||    60
Block: Shield            |       |    13 |    32 |    33 ||    78
       Reflection        |       |       |     7 |       ||     7
       Large shield      |       |       |       |    30 ||    30
